 Dungeon Crawl Stone Soup version 0.31-a0-185-g9dded2c639 (webtiles) character file.

Game seed: 3629712514244986935

4 qw the Shooter (level 1, 0/12 HPs)
             Began as a Deep Elf Hunter on June 22, 2023.
             Slain by a goblin
             ... wielding a +0 club
              (2 damage)
             ... on level 1 of the Dungeon.
             The game lasted 00:00:01 (102 turns).

qw the Shooter (Deep Elf Hunter)                     Turns: 102, Time: 00:00:02

Health: 0/12       AC:  3    Str:  8    XL:     1   Next: 50%
Magic:  3/3        EV: 12    Int: 13    God:
Gold:   11         SH:  0    Dex: 18    Spells: 0/0 levels left

rFire   . . .        a - +0 shortbow
rCold   . . .        (shield currently unavailable)
rNeg    . . .        c - +0 leather armour
rPois   .            (no helmet)
rElec   .            (no cloak)
rCorr   .            (no gloves)
SInv    .            (no boots)
Will    .....        (no amulet)
Stlth   ++           (no ring)
HPRegen 0.22/turn    (no ring)
MPRegen 0.08/turn

%: no passive effects
@: no status effects
A: no striking features
a: no special abilities


You were on level 1 of the Dungeon.
You visited 1 branch of the dungeon, and saw 1 of its levels.

You collected 11 gold pieces.


   Skills:
 - Level 1.5 Fighting
 + Level 5.6 Ranged Weapons
 - Level 2.4 Dodging
 - Level 1.2 Stealth


You couldn't memorise any spells.
You didn't know any spells.
Your spell library was empty.

Inventory:

Hand Weapons
 a - a +0 shortbow (weapon)
Armour
 c - a +0 leather armour (worn)
Scrolls
 b - a scroll of butterflies

Dungeon Overview and Level Annotations

Branches:
Dungeon (1/15)

Altars:


Message History

You shoot an arrow. The arrow hits the hobgoblin!
You kill the hobgoblin!
Found a dagger.
A goblin and a dart slug come into view.
The goblin shouts!
You shoot an arrow.
The arrow hits the dart slug but does no damage.
A rat comes into view.
You shoot an arrow.
The arrow hits the dart slug but does no damage.
You shoot an arrow. The arrow hits the dart slug.
The dart slug is moderately wounded.
You shoot an arrow. The arrow hits the dart slug!
The dart slug is almost dead.
You shoot an arrow. The arrow hits the dart slug.
You kill the dart slug!
The goblin hits you but does no damage.
You shoot an arrow. The arrow hits the goblin.
The goblin is heavily wounded.
The goblin barely misses you.
A giant cockroach comes into view.
You shoot an arrow.
The arrow hits the goblin but does no damage.
The goblin is heavily wounded.
The goblin hits you with a +0 club.
You shoot an arrow. The arrow closely misses the goblin.
The rat bites you. The goblin hits you but does no damage.
The rat bites you but does no damage. The goblin hits you with a +0 club.
You shoot an arrow. The arrow misses the goblin.
The goblin hits you with a +0 club. The rat barely misses you.
You shoot an arrow. The arrow barely misses the goblin.
The arrow hits the giant cockroach.
The giant cockroach is severely wounded.
The rat bites you but does no damage. The goblin hits you but does no damage.
You shoot an arrow. The arrow closely misses the goblin.
The rat misses you. The goblin barely misses you.
You shoot an arrow. The arrow hits the giant cockroach.
You kill the giant cockroach!
The rat bites you. The goblin hits you with a +0 club.
You die...

77...7.....7777...7~~
#..77777.....7...~~~7
##..7 77777...~~~7
#..77 77~~~~77 ##.777
777~~~777
##..777777~~~..777
##.....777~77...777 7
###.....77 777...77
77 #).@r.7 7777.777.
###%g..7 77...7
##.....7 7777.
....7.7 77 .##...7 ..
##.. #. # ##


You could see a goblin and a rat.

Vanquished Creatures
  A dart slug (D:1)
  A giant cockroach (D:1)
  A hobgoblin (D:1)
3 creatures vanquished.

Notes
Turn   | Place    | Note
-------+----------+-------------------------------------------
     0 | D:1      | qw the Deep Elf Hunter began the quest for the Orb.
     0 | D:1      | Reached XP level 1. HP: 12/12 MP: 3/3
     0 | D:1      | 0 ||| qw: Version: 0.3-a-9-g12657ce
     0 | D:1      | 0 ||| qw: Game counter: 1840
     0 | D:1      | 0 ||| qw: Always use a shield: true
     0 | D:1      | 0 ||| qw: God list: Okawaru
     0 | D:1      | 0 ||| qw: Allow faded altars: false
     0 | D:1      | 0 ||| qw: Do Orc after D:15 true
     0 | D:1      | 0 ||| qw: Do second Lair branch before Depths: true
     0 | D:1      | 0 ||| qw: Lair rune preference: random
     0 | D:1      | 0 ||| qw: Plans: Normal
     0 | D:1      | 0 ||| PLANNING D:1-11
    99 | D:1      | HP: 2/12 [goblin/+0 club (3)]
   102 | D:1      | Slain by a goblin

Levels and vault maps discovered:
D:1:      kilobyte_arrival_exit_the_forest, layout_basic, serial_shops, shop

Action                     || total
---------------------------++-------
   Fire: Shortbow          ||    13
 Armour: Leather armour    ||     5
  Dodge: Dodged            ||     4

Table legend:
 A = Non-vault XP
 B = Vault XP
 C = Vault XP percentage of total XP
 D = Non-vault monster count
 E = Vault monster count
 F = Vault count percentage of total count
                 A         B        C        D         E       F
            +---------+---------+-------+---------+---------+-------
      Total |       8 |       0 |   0.0 |       3 |       0 |   0.0
            +---------+---------+-------+---------+---------+-------
        D:1 |       8 |       0 |   0.0 |       3 |       0 |   0.0
            +---------+---------+-------+---------+---------+-------
